 Dungeon Crawl Stone Soup version 0.31-a0-233-g139696dc86 (webtiles) character file.

Game seed: 4070523137722266558

21 qw the Shooter (level 2, 0/24 HPs)
             Began as a Minotaur Hexslinger on July 9, 2023.
             Slain by a jackal (2 damage)
             ... on level 1 of the Dungeon.
             The game lasted 00:00:10 (234 turns).

qw the Shooter (Minotaur Hexslinger)                 Turns: 234, Time: 00:00:10

Health: 0/24       AC:  2    Str: 12    XL:     2   Next: 62%
Magic:  2/2        EV: 12    Int: 10    God:
Gold:   59         SH:  0    Dex: 12    Spells: 2/3 levels left

rFire   . . .        a - +1 sling
rCold   . . .        (no shield)
rNeg    . . .        c - +0 robe
rPois   .            (helmet restricted)
rElec   .            (no cloak)
rCorr   .            (no gloves)
SInv    .            (no boots)
Will    .....        (no amulet)
Stlth   +            (no ring)
HPRegen 0.24/turn    (no ring)
MPRegen 0.08/turn

%: no passive effects
@: no status effects
A: horns 2, retaliatory headbutt
a: no special abilities


You were on level 1 of the Dungeon.
You visited 1 branch of the dungeon, and saw 1 of its levels.

You collected 59 gold pieces.


Innate Abilities, Weirdness & Mutations

You have a pair of horns on your head.
You reflexively headbutt those who attack you in melee.


   Skills:
 - Level 2.0 Fighting
 + Level 3.2 Ranged Weapons
 - Level 2.1 Dodging
 - Level 1.0 Spellcasting
 - Level 2.0 Hexes


You had 2 spell levels left.
You knew the following spells:

 Your Spells              Type           Power      Damage    Failure   Level
a - Slow                  Hex            16%        N/A       16%         1

Your spell library contained the following spells:

 Spells                   Type           Power      Damage    Failure   Level
 Inner Flame              Hex/Fire       2%         N/A       56%         3
 Portal Projectile        Hex/Tloc       4%         N/A       56%         3
 Cause Fear               Hex            2%         N/A       83%         4

Inventory:

Hand Weapons
 a - a +1 sling (weapon)
Armour
 c - a +0 robe (worn)
 f - a +2 robe of fire resistance
Scrolls
 b - a scroll of poison
Potions
 d - a potion of degeneration {unknown}
 e - a potion of heal wounds {unknown}

Dungeon Overview and Level Annotations

Branches:
Dungeon (1/15)

Altars:


Message History

You shoot a sling bullet. The sling bullet hits the jackal!
You kill the jackal!
The jackal closely misses you. The jackal bites you.
Your Fighting skill increases to level 2!
You shoot a sling bullet.
The sling bullet closely misses the jackal.
The jackal barely misses you. You furiously retaliate!
You headbutt the jackal, but do no damage.
The jackal bites you. x4; The jackal closely misses you.
You shoot a sling bullet.
The sling bullet barely misses the jackal.
The jackal bites you. The jackal completely misses you.
You furiously retaliate!
You headbutt the jackal!
You kill the jackal!
The jackal barely misses you. x2
You shoot a sling bullet. The sling bullet hits the ball python.
The ball python is moderately wounded.
The jackal bites you but does no damage.
The jackal bites you. The ball python bites you. The ball python grabs you.
The ball python constricts you. The jackal barely misses you.
The ball python closely misses you. The ball python constricts you.
The jackal bites you.
You shoot a sling bullet. The sling bullet hits the ball python.
The ball python is heavily wounded.
The jackal barely misses you. The jackal bites you.
The ball python completely misses you. The ball python constricts you.
The jackal barely misses you. You furiously retaliate!
You headbutt the jackal!
You kill the jackal!
You shoot a sling bullet.
The sling bullet barely misses the ball python.
The jackal bites you. The ball python barely misses you.
The ball python constricts you.
The jackal bites you but does no damage.
The ball python barely misses you. You furiously retaliate!
You headbutt the ball python.
You kill the ball python!
You shoot a sling bullet.
The sling bullet closely misses the jackal.
The jackal bites you.
You die...

####. ###... . ###....
#...... #...#..
#.#..#..#. ..#.<.#..
#####.#.....#....#...#.7
.........##.#......###.7
.........##.#...### ...
......h..#......#######.
.....$%@.........>......
................#.......
......###...............
........................
.......##...............
...... #...............
###.# #...............
#. #...............
.................(


You could see a jackal.

Vanquished Creatures
  3 bats (D:1)
  An endoplasm (D:1)
  A giant cockroach (D:1)
  2 goblins (D:1)
  3 jackals (D:1)
  A quokka (D:1)
  2 ball pythons (D:1)
  2 frilled lizards (D:1)
  5 rats (D:1)
20 creatures vanquished.

Notes
Turn   | Place    | Note
-------+----------+-------------------------------------------
     0 | D:1      | qw the Minotaur Hexslinger began the quest for the Orb.
     0 | D:1      | Reached XP level 1. HP: 16/16 MP: 1/1
     0 | D:1      | 0 ||| qw: Version: 0.3-a-51-g015441d
     0 | D:1      | 0 ||| qw: Game counter: 3821
     0 | D:1      | 0 ||| qw: Melee chars always use a shield: true
     0 | D:1      | 0 ||| qw: God list: Okawaru
     0 | D:1      | 0 ||| qw: Allow faded altars: false
     0 | D:1      | 0 ||| qw: Do Orc after clearing Dungeon:15 true
     0 | D:1      | 0 ||| qw: Do second Lair branch before Depths: true
     0 | D:1      | 0 ||| qw: Lair rune preference: random
     0 | D:1      | 0 ||| qw: Goals: Normal
     0 | D:1      | 0 ||| PLANNING D:1-11
    96 | D:1      | Reached skill level 3 in Ranged Weapons
    96 | D:1      | Reached XP level 2. HP: 16/23 MP: 2/2
   231 | D:1      | HP: 6/24 [jackal (1)]
   233 | D:1      | HP: 2/24 [jackal (3)]
   234 | D:1      | Slain by a jackal

Levels and vault maps discovered:
D:1:      amcnicky_arrival_double_pillar, layout_rooms, serial_glass,
          glass_columns_b, glass_columns_a

Skill      XL: |  1  2 |
---------------+-------+-----
Ranged Weapons | 3 |  3.2
Fighting       | 2 |  2.0
Dodging        | |  2.1
Spellcasting   | |  1.0
Hexes          | |  2.0

Action                     || total
---------------------------++-------
   Fire: Sling             ||    43
 Armour: Robe              ||     4
  Dodge: Dodged            ||    16

Table legend:
 A = Non-vault XP
 B = Vault XP
 C = Vault XP percentage of total XP
 D = Non-vault monster count
 E = Vault monster count
 F = Vault count percentage of total count
                 A         B        C        D         E       F
            +---------+---------+-------+---------+---------+-------
      Total |      30 |       0 |   0.0 |      20 |       0 |   0.0
            +---------+---------+-------+---------+---------+-------
        D:1 |      30 |       0 |   0.0 |      20 |       0 |   0.0
            +---------+---------+-------+---------+---------+-------
